 Dungeon Crawl Stone Soup version 0.26-a0-58-g79b31b8662 (webtiles) character file.

Game seed: 18189411180213725184

149 BritishOli the Skirmisher (level 5, -8/42 HPs)
             Began as a Demonspawn Monk on June 8, 2020.
             Mangled by a gnoll
             ... wielding a +0 halberd
              (12 damage)
             ... on level 2 of the Dungeon.
             The game lasted 00:05:35 (2310 turns).

BritishOli the Skirmisher (Demonspawn Monk)         Turns: 2310, Time: 00:05:35

Health: -8/42      AC: 10    Str: 12    XL:     5   Next: 9%
Magic:  5/5        EV:  6    Int: 12    God:
Gold:   116        SH:  0    Dex: 15    Spells: 4/4 levels left

rFire    . . .     SeeInvis .   a - +0 falchion
rCold    . . .     Gourm    .   (no shield)
rNeg     . . .     Faith    .   d - +0 chain mail
rPois    .         Spirit   .   (no helmet)
rElec    .         Reflect  .   (no cloak)
rCorr    .         Harm     .   (no gloves)
MR       .....                  (no boots)
Stlth    ..........             (no amulet)
HPRegen  0.14/turn              (no ring)
MPRegen  0.09/turn              (no ring)

@: starving, lightly drained
A: talons 1, thin metallic scales 1, demonic guardian 1
a: no special abilities


You were on level 2 of the Dungeon.
You were starving.

You visited 1 branch of the dungeon, and saw 3 of its levels.

You collected 116 gold pieces.

Inventory:

Hand Weapons
 a - a +0 falchion (weapon)
Armour
 b - a +0 robe
 d - a +0 chain mail (worn)
Scrolls
 e - 4 scrolls of teleportation {unknown}
 h - a scroll of magic mapping {unknown}
 i - 4 scrolls of identify {unknown}
 j - a scroll of remove curse {unknown}
Potions
 f - a potion of mutation {unknown}
 k - a potion of degeneration {unknown}
Comestibles
 c - 2 rations


   Skills:
 + Level 3.9(3.7) Fighting
 + Level 3.5(3.2) Long Blades
 + Level 1.6(1.4) Armour
 + Level 3.4(3.2) Dodging
 - Level 2.2(2.0) Stealth


You had 4 spell levels left.
You didn't know any spells.
Your spell library was empty.

Dungeon Overview and Level Annotations

Branches:
Dungeon (3/15)

Altars:

Annotations:
D:3 Terence


Innate Abilities, Weirdness & Mutations

You have sharp toenails.
You are partially covered in thin metallic scales. (AC +2)
A weak demonic guardian rushes to your aid.


Message History

The orc hits you but does no damage.
Things that are here:
a +0 club; a gnoll skeleton The orc hits you but does no damage.
You see here a stone.
The orc closely misses you.
You riposte.
You slash the orc!
You kill the orc!
You are starving!
There is a large open door here.
There is a large open door here.
The gnoll hits you but does no damage.
Found a ration.
The gnoll hits you with a +0 halberd.
You hit the gnoll but do no damage. The gnoll hits you with a +0 halberd.
You hit the gnoll but do no damage. The gnoll hits you with a +0 halberd.
* * * LOW HITPOINT WARNING * * *
You hit the gnoll but do no damage. The gnoll hits you with a +0 halberd.
* * * LOW HITPOINT WARNING * * *
You closely miss the gnoll. The gnoll hits you with a +0 halberd!
You die...

################
#...............#######
#........##.....#......
#........#..###...###..
#........#.##.##.##(##.
#........#.#.........#.
#.%...@..#.##.......##.
#......g....#......)#..
#..................(((#
#.............#...#.)##
#........#....#...#.##
##########....##.##.#
#.....###..###
#...#......... ###
#####...##........


You could see a gnoll.

Vanquished Creatures
  An orc wizard (D:3)
  A gnoll (D:2)
  3 adders (D:2)
  3 leopard geckos
  7 orcs
  6 bats
  2 giant cockroaches
  13 goblins
  11 hobgoblins
  4 jackals
  3 frilled lizards (D:2)
  12 kobolds
  5 rats
71 creatures vanquished.

Vanquished Creatures (collateral kills)
  2 gnolls (D:2)
2 creatures vanquished.

Grand Total: 73 creatures vanquished

Notes
Turn   | Place    | Note
-------+----------+-------------------------------------------
     0 | D:1      | BritishOli the Demonspawn Monk began the quest for the Orb.
     0 | D:1      | Reached XP level 1. HP: 18/18 MP: 1/1
   227 | D:1      | Gained mutation: You are partially covered in thin metallic
                  | scales. (AC +2) [demonic ancestry]
   227 | D:1      | Reached XP level 2. HP: 24/24 MP: 2/2
   524 | D:1      | Reached XP level 3. HP: 29/29 MP: 3/3
  1094 | D:2      | Reached skill level 1 in Armour
  1094 | D:2      | Gained mutation: A weak demonic guardian rushes to your
                  | aid. [demonic ancestry]
  1094 | D:2      | Reached XP level 4. HP: 30/35 MP: 4/4
  2156 | D:3      | Noticed Terence
  2175 | D:3      | Gained mutation: You have sharp toenails. [demonic
                  | ancestry]
  2175 | D:3      | Reached XP level 5. HP: 8/42 MP: 5/5
  2310 | D:2      | Mangled by a gnoll

Illustrated notes

Levels and vault maps discovered:
D:1:      dpeg_arrival_court, layout_rooms
D:2:      layout_basic, minmay_three_crescents
D:3:      layout_basic, uniq_terence, uniq_ijyb

Skill      XL: |  1  2  3 |
---------------+----------+-----
Stealth        | 2 |  2.2
Long Blades    | 3 |  3.5
Dodging        | 3 |  3.4
Armour         | 1 |  1.6
Fighting       | |  3.9

Action                   |  1- 3 |  4- 6 || total
-------------------------+-------+-------++-------
Melee: Falchion          |   149 |   153 ||   302
       Kick              |       |     1 ||     1
  Eat: Chunk             |     1 |     2 ||     3
Armor: Chain mail        |   114 |   105 ||   219
Dodge: Dodged            |    66 |    47 ||   113
       Rpst.: Falchion   |    20 |    13 ||    33

Table legend:
 A = Non-vault XP
 B = Vault XP
 C = Vault XP percentage of total XP
 D = Non-vault monster count
 E = Vault monster count
 F = Vault count percentage of total count
                 A         B        C        D         E       F
            +---------+---------+-------+---------+---------+-------
      Total |     207 |       7 |   3.3 |      67 |       6 |   8.2
            +---------+---------+-------+---------+---------+-------
        D:1 |      57 |       0 |   0.0 |      30 |       0 |   0.0
        D:2 |     118 |       7 |   5.6 |      31 |       6 |  16.2
        D:3 |      32 |       0 |   0.0 |       6 |       0 |   0.0
            +---------+---------+-------+---------+---------+-------
